Cogmind - Beta 12 @@@ ROGUE MODE // 2024.02.22 @ 07:56:51 Player: Dosh Result: Destroyed by H-66 Slayer with Gauss Rifle Performance ------------- Evolutions (4) 2000 Regions Visited (13) 2600 Robots Destroyed (340) 1700 Value Destroyed (11776) 11776 Prototype IDs (41) 820 Alien Tech Used (0) 0 Bonus (7536) 7536 TOTAL SCORE: 26432 Bonus ------- Triggered High Security 500 High Alert Combat Kills 6321 Follower Combat Kills 309 Entered Garrisons 200 Aligned with FarCom 300 Met Data Miner 300 Friendly Fire -394 Cogmind --------- Core Integrity 0/850 Matter 190/300 Energy 32/100 System Corruption 4% Temperature Cool (33) Movement Core (1350) Ox26 Location -6/Factory Parts ------- > --- POWER (2) -------- (None) > --- PROPULSION (4) --- (None) > --- UTILITY (7) ------ Huge Storage Unit > --- WEAPON (2) ------- (None) > --- INVENTORY (25) --- Improved Deuterium Engine Light Fission Core Flexi-carbon Leg Potential Leg Cesium-ion Thruster Cooled Cesium-ion Thruster High-capacity Matter Pod (200) Encrypted Comm Array Faulty Experimental Targeting Computer Advanced Particle Charger Advanced Shield Generator Hacking Suite System Shield Long-range Tractor Beam Enhanced Gauss Cannon Powered Hammer Peak State ------------ > --- POWER ------------ Improved Deuterium Engine > --- PROPULSION ------- Medium Treads Medium Treads Potential Leg Potential Leg > --- UTILITY ---------- Advanced Heat Sink Improved Cooling System Huge Storage Unit Hardened Heavy Armor Plating Improved Medium Armor Plating > --- WEAPON ----------- Enhanced Gauss Cannon Enhanced Gauss Cannon > --- INVENTORY -------- Light Treads Carbon-fiber Leg Improved Carbon-fiber Leg High-capacity Matter Pod Structural Scanner Transmission Jammer Advanced Shield Generator Hacking Suite System Shield Long-range Tractor Beam Thief Drone Bay Heavy EM Shotgun Heavy EM Shotgun Heavy Phase Cannon Precision Assault Rifle Advanced Assault Cannon Mini Grenade Launcher Heavy Missile Launcher Heavy Missile Launcher Precision Grenade Launcher Powered Hammer [Rating: 73] Favorites ----------- Power Ion Engine Engine Ion Engine Power Core Light Nuclear Core Reactor Antimatter Reactor Propulsion Advanced Treads Treads Advanced Treads Leg Potential Leg Flight Unit Cooled Cesium-ion Thruster Utility Huge Storage Unit Device Improved Heat Sink Storage Huge Storage Unit Processor Core Analyzer Hackware Hacking Suite Protection Light Armor Plating Weapon Enhanced Gauss Cannon Energy Gun Heavy EM Shotgun Energy Cannon Heavy Phase Cannon Ballistic Gun Autogun Ballistic Cannon Enhanced Gauss Cannon Launcher Mini Grenade Launcher Build | -11 -10 -10 -10 -9 -8 -8 -8 -7 -7 -7 -7 -6 -6 ------- Run | Jun Mat Min Exi Min Mat Gar Mat Fac Low Low Dat Pro Fac Slots Evolved 8 | . . . . . 4 . . 2 . . . . 2 Power 1 | . . . . . . . . . . . . . 1 Propulsion 2 | . . . . . 2 . . . . . . . . Utility 5 | . . . . . 2 . . 2 . . . . 1 Weapon . | . . . . . . . . . . . . . . Parts Attached 232 | 6 9 9 . 14 29 14 25 86 8 . 2 2 28 Power 14 | 1 . . . 2 1 . 1 2 2 . . 1 4 Engine 10 | 1 . . . 2 1 . . 1 2 . . 1 2 Core 3 | . . . . . . . 1 1 . . . . 1 Reactor 1 | . . . . . . . . . . . . . 1 Propulsion 47 | 2 2 1 . 2 12 3 6 11 1 . . . 7 Treads 36 | 2 2 1 . 2 10 3 6 5 . . . . 5 Leg 10 | . . . . . 2 . . 6 1 . . . 1 Wheel . | . . . . . . . . . . . . . . Hover . | . . . . . . . . . . . . . . Flight 1 | . . . . . . . . . . . . . 1 Utility 60 | 1 4 3 . 4 6 4 6 22 2 . . 1 7 Device 26 | . . 1 . 1 1 1 2 15 1 . . 1 3 Storage 5 | 1 2 . . . . . . 1 . . . . 1 Processor 2 | . . . . . . . . 2 . . . . . Hackware 1 | . . . . . . . . . . . . . 1 Protection 26 | . 2 2 . 3 5 3 4 4 1 . . . 2 Artifact . | . . . . . . . . . . . . . . Weapon 111 | 2 3 5 . 6 10 7 12 51 3 . 2 . 10 Energy Gun 13 | 1 1 . . . 4 2 . 3 . . . . 2 Energy Cannon 6 | . . . . . . . 2 3 . . . . 1 Ballistic Gun 12 | 1 2 3 . 3 1 . . 1 . . . . 1 Ballistic Cannon 35 | . . . . 1 3 2 6 18 1 . 1 . 3 Launcher 45 | . . 2 . 2 2 3 4 26 2 . 1 . 3 Special Weapon . | . . . . . . . . . . . . . . Impact Weapon . | . . . . . . . . . . . . . . Slashing Weapon . | . . . . . . . . . . . . . . Piercing Weapon . | . . . . . . . . . . . . . . Special Melee Weapon . | . . . . . . . . . . . . . . Unidentified Prototypes 8 | . . 1 . . 1 . 1 3 . . . . 2 Parts Lost 76 | . 2 1 . 3 . 9 9 19 6 . . . 27 Power 9 | . . . . 1 . . 1 2 2 . . . 3 Propulsion 23 | . 1 . . . . 3 4 7 2 . . . 6 Utility 27 | . . 1 . 1 . 4 1 9 1 . . . 10 Weapon 17 | . 1 . . 1 . 2 3 1 1 . . . 8 Highest Loss Streak 16 | . 1 1 . 1 . 6 3 4 3 . . . 16 To Critical Strikes 2 | . . . . . . . . 1 . . . . 1 Average Slot Usage (%) 91 | . 91 93 58 95 97 98 98 92 77 76 61 91 80 Engine 6 | . 14 14 14 13 9 9 1 3 1 . . 7 2 Core 2 | . . . . . . . 7 3 . . . . 1 Treads 24 | . 28 28 28 28 32 35 35 18 . . . . 9 Leg 5 | . . . . . 3 . . 10 25 23 23 23 7 Device 12 | . . . . . 7 10 16 20 23 23 23 29 21 Storage 10 | . 16 14 14 14 9 9 9 7 7 7 7 7 6 Protection 8 | . 3 8 . 12 16 15 10 7 2 7 7 7 4 Energy Gun 1 | . 6 . . . 8 2 . . . . . . . Energy Cannon 1 | . . . . . . . 5 1 . . . . 4 Ballistic Gun 4 | . 21 24 1 2 . . . . . . . . . Ballistic Cannon 6 | . . . . 10 8 12 10 7 7 7 . 7 6 Launcher 3 | . . 3 . 12 . 3 1 6 6 7 . 7 . Naked Turns . | . . . . . . . . . . . . . . Heaviest Build 138 | 14 109 94 91 99 108 112 114 138 118 105 105 113 137 Greatest Support 93 | 40 40 40 40 40 88 88 88 93 93 78 78 78 80 Greatest Overweight (x) 4 | 4 2 2 2 2 4 1 1 4 1 1 1 1 3 Average Overweight (x) 1 | 1 1 2 2 1 1 1 1 1 1 1 1 1 1 Largest Inventory Capacity 25 | 8 25 25 25 25 25 25 25 25 25 25 25 25 25 Average Capacity 24 | 7 21 25 25 25 25 25 25 25 25 25 25 25 25 Most Carried 25 | 2 17 19 24 25 25 25 25 25 19 17 19 17 21 Average Carried 20 | . 12 17 22 23 24 22 23 22 17 17 18 17 18 Final Capacity 25 | 8 25 25 25 25 25 25 25 25 25 25 25 25 25 Final Carried 25 | 2 15 19 24 25 25 22 24 18 17 17 17 17 16 Class Distribution -------------------- 81% | Mutant 11% | Scavenger-Mutant 7% | Infiltrator-Mutant Dominant Class ---------------- Mutant | -10/Materials Mutant | -10/Mines Mutant | -10/Exiles Mutant | -9/Mines Mutant | -8/Materials Mutant | -8/Garrison Mutant | -8/Materials Mutant | -7/Factory Mutant | -7/Lower Caves Mutant | -7/Lower Caves Mutant | -7/Data Miner Mutant | -6/Proximity Caves Scavenger-Mutant | -6/Factory Resources | -11 -10 -10 -10 -9 -8 -8 -8 -7 -7 -7 -7 -6 -6 ----------- Run | Jun Mat Min Exi Min Mat Gar Mat Fac Low Low Dat Pro Fac Matter Collected 9662 | 204 510 227 . 335 592 565 1798 4082 703 . . 108 538 Remotely 1781 | . . . . . . . . 1781 . . . . . Salvage Created 9114 | . 965 60 . 295 991 376 2006 3633 245 . . 63 480 Parts 513 | . 56 3 . 24 64 36 113 171 8 . . 6 32 Haulers Intercepted 12 | . 2 . . . 4 . 5 1 . . . . . Recyclers Shooed 4 | . . . . . 1 . 2 1 . . . . . Parts Field Recycled . | . . . . . . . . . . . . . . Retrieved Matter . | . . . . . . . . . . . . . . Parts Self-Destructed 16 | . . . . . . . . . 7 . . 9 . Prevented . | . . . . . . . . . . . . . . Kills | -11 -10 -10 -10 -9 -8 -8 -8 -7 -7 -7 -7 -6 -6 ------- Run | Jun Mat Min Exi Min Mat Gar Mat Fac Low Low Dat Pro Fac Combat Hostiles Destroyed 297 | . 22 6 . 19 17 29 53 122 13 . . 4 12 Melee 1 | . . . . . . . 1 . . . . . . Guns 38 | . 21 4 . 1 7 3 . 2 . . . . . Cannons 90 | . . . . 4 6 8 30 26 6 . . 1 9 AOE 166 | . 1 2 . 14 4 18 22 93 7 . . 3 2 Classes Destroyed 18 | . 5 2 . . 4 1 4 2 . . . . . Worker 13 | . 3 . . . 2 . 2 5 . . . . 1 Builder 9 | . . . . . 1 . 4 3 . . . . 1 Hauler 12 | . 2 . . . 4 . 5 1 . . . . . Recycler 8 | . . . . . 1 . 4 3 . . . . . Mechanic 11 | . . . . . . . . 11 . . . . . Operator 4 | . . . . . . . 1 2 . . . . 1 Watcher 12 | . 3 . . . 2 . 4 2 . . . . 1 Swarmer 63 | . 5 3 . 10 4 15 7 8 4 . . 4 3 Grunt 138 | . 17 . . 9 6 9 32 58 5 . . . 2 Brawler 18 | . . . . . . . 2 15 1 . . . . Duelist 12 | . . . . . . . 1 10 1 . . . . Protector 12 | . . . . . . . 3 9 . . . . . Sentry 19 | . . . . . 4 2 7 3 1 . . . 2 Demolisher 2 | . . 1 . . . 1 . . . . . . . Specialist 2 | . . . . . . 2 . . . . . . . Hunter 18 | . . . . . 3 . 1 10 . . . . 4 Programmer 11 | . . . . . . . . 9 1 . . . 1 Assembled 2 | . . 2 . . . . . . . . . . . Thug 2 | . . . . . . . . 2 . . . . . Best Kill Streak 27 | . 4 3 . 4 4 7 12 27 4 . . 3 3 Combat Bots Only 25 | . 3 3 . 4 4 7 12 25 4 . . 3 3 Max Kills in Single Turn 5 | . 1 3 . 4 3 3 4 5 3 . . 3 2 Gunslinging . | . . . . . . . . . . . . . . Exploded 4 | . 1 2 . 4 3 3 3 4 2 . . 3 2 Melee 1 | . . . . . . . 1 . . . . . . Uniques/NPCs Destroyed . | . . . . . . . . . . . . . . Combat | -11 -10 -10 -10 -9 -8 -8 -8 -7 -7 -7 -7 -6 -6 -------- Run | Jun Mat Min Exi Min Mat Gar Mat Fac Low Low Dat Pro Fac Damage Taken 13796 | . 655 225 . 371 577 1821 1777 4117 799 . . 31 3423 Core 2094 | . 94 31 . 54 44 152 266 480 107 . . . 866 Absorbed by Shields 935 | . . . . . . 19 480 436 . . . . . Redirected to Shielding 158 | . 15 . . 39 . . . 104 . . . . . Regen/Repaired (Parts) 284 | . . . . . 168 . 116 . . . . . . Core Remaining (%) 40 | 100 . . . 28 . . 16 . . . . 16 . Volleys Fired 655 | . 79 11 . 20 61 52 147 189 30 . . 3 63 Largest 2 | . 2 2 . 2 2 2 2 2 2 . . 1 2 Hottest 147 | . 60 53 . 69 100 98 147 147 105 . . 57 147 Shots Fired 1154 | . 155 22 . 31 115 83 279 303 47 1 . 3 115 Gun 278 | . 155 21 . 5 57 20 . 17 . . . . 3 Cannon 656 | . . . . 13 56 44 250 150 34 . . 2 107 Launcher 220 | . . 1 . 13 2 19 29 136 13 1 . 1 5 Special . | . . . . . . . . . . . . . . Kinetic 691 | . 117 21 . 18 64 44 188 141 34 . . 2 62 Thermal 118 | . . . . . . . 62 9 . . . . 47 Explosive 220 | . . 1 . 13 2 19 29 136 13 1 . 1 5 Electromagnetic 125 | . 38 . . . 49 20 . 17 . . . . 1 Robot Hit Streak 23 | . 23 5 . 5 8 5 9 11 6 . . 2 10 Robot Miss Streak 6 | . 5 6 . 2 3 4 5 5 3 . . . 5 Penetration Max 1 | . . . . . . . . 1 . . . . . Secondary Targets 3 | . 3 . . . . . . . . . . . . Max Gunslinging Chain 1 | . 1 . . . . . . . . . . . . Shots Hit Robots 696 | . 103 11 . 14 78 50 166 180 32 . . 1 61 Core Hits 675 | . 40 7 . 26 49 42 113 334 21 . . 6 37 Critical Kills 2 | . . . . . . . 1 . . . . . 1 Critical Parts Destroyed 1 | . 1 . . . . . . . . . . . . Critical Strikes 32 | . 1 . . . 1 1 8 12 5 . . . 4 Meltdown 2 | . . . . . . . 1 . . . . . 1 Destroy 1 | . 1 . . . . . . . . . . . . Blast 29 | . . . . . 1 1 7 12 5 . . . 3 Melee Attacks . | . . . . . . . . . . . . . . Impact . | . . . . . . . . . . . . . . Slashing . | . . . . . . . . . . . . . . Piercing . | . . . . . . . . . . . . . . Sneak Attacks . | . . . . . . . . . . . . . . Combat Hostiles . | . . . . . . . . . . . . . . Follow-up Attacks . | . . . . . . . . . . . . . . Damage Inflicted 39203 | 6 1603 267 . 947 2007 2634 7245 20105 1510 . . 177 2702 Guns 3229 | . 1477 177 . 51 934 217 . 306 . . . . 67 Cannons 12142 | . . . . 167 762 774 4574 3356 734 . . 36 1739 Explosions 23729 | . 105 86 . 715 311 1643 2627 16429 776 . . 141 896 Melee . | . . . . . . . . . . . . . . Ramming 103 | 6 21 4 . 14 . . 44 14 . . . . . Kinetic 11225 | . 1171 177 . 218 820 774 3189 3251 734 . . 36 855 Thermal 2989 | . 105 . . . . 45 1385 531 . . . . 923 Explosive 23033 | . . 86 . 715 311 1598 2507 16003 776 . . 141 896 Electromagnetic 1853 | . 306 . . . 876 217 120 306 . . . . 28 Impact . | . . . . . . . . . . . . . . Slashing . | . . . . . . . . . . . . . . Piercing . | . . . . . . . . . . . . . . Highest Corruption 4 | . 1 1 1 1 . . 4 4 4 4 4 4 4 Average Corruption 2 | . 1 1 1 1 . . 3 1 4 4 4 4 1 Corruption Purged . | . . . . . . . . . . . . . . Corruption Blocked . | . . . . . . . . . . . . . . Effects 159 | . 3 14 8 16 . . 37 33 22 8 3 9 6 Message Errors 35 | . 2 . 3 3 . . 4 6 10 3 2 2 . Matter Fused 39 | . . 7 1 4 . . 9 9 3 2 . 2 2 Heat Flow Errors 31 | . 1 4 1 5 . . 6 8 3 1 1 1 . Energy Discharges 19 | . . 2 1 1 . . 7 4 3 . . . 1 Parts Rejected 1 | . . . . . . . . . . . . . 1 Parts Fused 1 | . . . . 1 . . . . . . . . . Data Loss (minor) 16 | . . . . 1 . . 6 1 2 1 . 4 1 Data Loss (major) 6 | . . 1 . 1 . . . 4 . . . . . Misfires 5 | . . . . . . . 4 . . 1 . . . Alerts 4 | . . . 2 . . . . 1 1 . . . . Weapon Failures 2 | . . . . . . . 1 . . . . . 1 Overload Shots . | . . . . . . . . . . . . . . Overflow Damage 968 | . 17 28 . 8 10 40 245 525 19 . . . 76 Projectiles 461 | . . . . . . 26 210 146 19 . . . 60 Explosions 507 | . 17 28 . 8 10 14 35 379 . . . . 16 Melee . | . . . . . . . . . . . . . . Knockbacks 77 | . . . . 1 3 9 35 19 3 . . . 7 Impact . | . . . . . . . . . . . . . . Kinetic 74 | . . . . 1 3 9 33 18 3 . . . 7 Secondary 3 | . . . . . . . 2 1 . . . . . Self-Inflicted Damage 1392 | . 42 20 . 147 . 139 231 677 61 . . . 75 Shots 43 | . 2 1 . 5 . 6 8 15 2 . . . 4 Rammed 23 | 1 4 2 . 7 . . 8 1 . . . . . Targets Rammed 26 | 1 5 2 . 7 . . 9 2 . . . . . Kicked 1 | . . . . . . . . 1 . . . . . Crushed 2 | . 1 . . . . . 1 . . . . . . Highest Temperature 412 | . 111 186 200 241 108 81 388 271 193 224 182 212 412 Average Temperature 76 | . 22 51 102 74 30 27 86 55 52 119 104 78 163 Received Heat Transfer 3459 | . 288 . . 81 198 424 791 1116 273 . . . 288 Effects 19 | . . . . 1 . . 8 2 . . . . 8 Shutdowns 7 | . . . . . . . 3 . . . . . 4 Energy Bleed 2 | . . . . . . . . . . . . . 2 Interference 8 | . . . . 1 . . 5 2 . . . . . Short Circuit 2 | . . . . . . . . . . . . . 2 Siege Activations . | . . . . . . . . . . . . . . Robots Corrupted 1 | . . . . . . . . 1 . . . . . Combat Hostiles 1 | . . . . . . . . 1 . . . . . Parts Fried 3 | . 1 . . . 1 . . 1 . . . . . Impact Corruptions . | . . . . . . . . . . . . . . Robots Melted 2 | . . . . . . . 1 . . . . . 1 Combat Hostiles 1 | . . . . . . . . . . . . . 1 Parts Melted 5 | . . . . . . . 3 . . . . . 2 Heat Transferred 3016 | . 100 . . . . 50 1443 461 . . . . 962 Parts Sabotaged . | . . . . . . . . . . . . . . Parts Stolen . | . . . . . . . . . . . . . . Parts Stripped . | . . . . . . . . . . . . . . Power Chain Reactions 5 | . 3 . . . . 1 . 1 . . . . . Missiles Intercepted . | . . . . . . . . . . . . . . Alert | -11 -10 -10 -10 -9 -8 -8 -8 -7 -7 -7 -7 -6 -6 ------- Run | Jun Mat Min Exi Min Mat Gar Mat Fac Low Low Dat Pro Fac Peak Influence 3600 | . 330 99 . 325 307 919 1508 3600 . . . . 163 Initial 677 | . . 93 . . 37 113 447 677 . . . . . Average 660 | . 176 43 . 126 178 563 1042 1532 . . . . 64 Maximum Alert Level 5 | . 1 . . 1 1 3 4 5 . . . . . Low Security (%) 39 | 100 58 100 . 75 60 16 . . . . . . 100 Level 1 12 | . 41 . . 24 39 7 . . . . . . . Level 2 7 | . . . . . . 44 14 6 . . . . . Level 3 16 | . . . . . . 31 47 20 . . . . . Level 4 15 | . . . . . . . 37 34 . . . . . Level 5 5 | . . . . . . . . 25 . . . . . High Security 3 | . . . . . . . . 13 . . . . . Max Security . | . . . . . . . . . . . . . . Sterilizations 2 | . . . . . . . 1 1 . . . . . Squads Dispatched 71 | . 8 . . 1 2 . 11 43 . . . . 6 Investigation 13 | . 8 . . . 2 . 1 1 . . . . 1 Extermination 8 | . . . . . . . . 6 . . . . 2 Reinforcement 9 | . . . . 1 . . 4 1 . . . . 3 Assault 35 | . . . . . . . 3 32 . . . . . Garrison 6 | . . . . . . . 3 3 . . . . . Intercept . | . . . . . . . . . . . . . . Searches Triggered . | . . . . . . . . . . . . . . Data Miner Redirects 1 | . . . . . . . . . . . . . 1 Construction Impeded 4 | . . . . 1 . . 2 . . . . . 1 Haulers Reinforced . | . . . . . . . . . . . . . . Active Scanning Responses . | . . . . . . . . . . . . . . Cargo Convoy Interrupts 1 | . . . . . . . . . . . . . 1 Stealth | -11 -10 -10 -10 -9 -8 -8 -8 -7 -7 -7 -7 -6 -6 --------- Run | Jun Mat Min Exi Min Mat Gar Mat Fac Low Low Dat Pro Fac Distress Signals 13 | . 1 1 . . 3 . 5 3 . . . . . Communications Jammed 19 | . . . . . . . . 19 . . . . . Distress Signals 19 | . . . . . . . . 19 . . . . . Times Spotted 415 | . 39 6 . 21 27 30 71 176 13 . . 2 30 Peak Tracking Total 12 | . 5 3 . 4 5 7 6 12 3 . . 3 11 Tactical Retreats 19 | . 9 . . 2 2 1 2 3 . . . . . Traps | -11 -10 -10 -10 -9 -8 -8 -8 -7 -7 -7 -7 -6 -6 ------- Run | Jun Mat Min Exi Min Mat Gar Mat Fac Low Low Dat Pro Fac Traps Triggered 9 | . 2 . . . 1 1 4 1 . . . . . Indirectly . | . . . . . . . . . . . . . . Trap Hack Attempts . | . . . . . . . . . . . . . . Triggered . | . . . . . . . . . . . . . . Disarmed . | . . . . . . . . . . . . . . Reprogrammed . | . . . . . . . . . . . . . . Reused . | . . . . . . . . . . . . . . Traps Extracted . | . . . . . . . . . . . . . . Installed . | . . . . . . . . . . . . . . Triggered 1 | . 1 . . . . . . . . . . . . Machines | -11 -10 -10 -10 -9 -8 -8 -8 -7 -7 -7 -7 -6 -6 ---------- Run | Jun Mat Min Exi Min Mat Gar Mat Fac Low Low Dat Pro Fac Machines Disabled 34 | . 1 . . 1 1 1 8 19 . . . . 3 Max in Single Turn 7 | . 1 . . 1 1 1 1 7 . . . . 1 Garrison Access 2 | . . . . . . . 1 1 . . . . . Machines Repaired . | . . . . . . . . . . . . . . Machines Sabotaged . | . . . . . . . . . . . . . . Overloaded Fab Kills . | . . . . . . . . . . . . . . Hacking | -11 -10 -10 -10 -9 -8 -8 -8 -7 -7 -7 -7 -6 -6 --------- Run | Jun Mat Min Exi Min Mat Gar Mat Fac Low Low Dat Pro Fac Machines Accessed 55 | . 10 1 2 . 10 2 8 11 2 . 4 . 5 Terminals 26 | . 8 . . . 7 2 3 4 . . . . 2 Fabricators 2 | . . . . . . . . 2 . . . . . Repair Stations 5 | . . . . . 2 . 2 1 . . . . . Recycling Units 5 | . 2 . . . . . 1 1 . . . . 1 Scanalyzers 2 | . . . . . . . 1 . . . . . 1 Garrison Access 6 | . . . . . 1 . 1 3 . . . . 1 Total Hacks 178 | . 34 1 2 . 30 2 31 27 6 . 29 . 16 Successful 96 | . 8 1 2 . 14 2 18 9 6 . 29 . 7 Failed 82 | . 26 . . . 16 . 13 18 . . . . 9 Catastrophic 9 | . 5 . . . 2 . . 2 . . . . . Database Lockouts . | . . . . . . . . . . . . . . Manual 79 | . 33 . 1 . 23 1 8 5 . . . . 8 Terminals 81 | . 31 . . . 25 2 9 10 . . . . 4 Fabricators 9 | . . . . . . . . 9 . . . . . Repair Stations 12 | . . . . . 4 . 6 2 . . . . . Recycling Units 12 | . 3 . . . . . 2 2 . . . . 5 Scanalyzers 13 | . . . . . . . 11 . . . . . 2 Garrison Access 13 | . . . . . 1 . 3 4 . . . . 5 Terminal Hacks 51 | . 4 1 2 . 5 1 2 1 6 . 29 . . Record 17 | . . . 1 . . . . . 5 . 11 . . Part Schematic 10 | . 1 . . . . . . . . . 9 . . Robot Schematic 7 | . 1 . . . . . . . . . 6 . . Robot Analysis 6 | . 2 . . . 4 . . . . . . . . Prototype ID Bank 3 | . . . . . . . . . . . 3 . . Open Door 2 | . . 1 . . . . . . 1 . . . . Emergency Access Points 1 | . . . . . . 1 . . . . . . . Alert Level 1 | . . . . . . . . 1 . . . . . Locate Traps 1 | . . . . . . . 1 . . . . . . Hauler Manifests 1 | . . . . . 1 . . . . . . . . Zone Layout 1 | . . . . . . . 1 . . . . . . EX-Prototype ID Bank 1 | . . . 1 . . . . . . . . . . Fabricator Hacks 4 | . . . . . . . . 4 . . . . . Load Schematic 2 | . . . . . . . . 2 . . . . . Build 2 | . . . . . . . . 2 . . . . . Repair Station Hacks 8 | . . . . . 4 . 3 1 . . . . . Scan Component 5 | . . . . . 2 . 2 1 . . . . . Repair 3 | . . . . . 2 . 1 . . . . . . Recycling Unit Hacks 2 | . . . . . . . 1 1 . . . . . Retrieve Components 2 | . . . . . . . 1 1 . . . . . Scanalyzer 12 | . . . . . . . 10 . . . . . 2 Insert Component 6 | . . . . . . . 5 . . . . . 1 Analyze 6 | . . . . . . . 5 . . . . . 1 Garrison Access Hacks 2 | . . . . . 1 . . 1 . . . . . Unlock Access 1 | . . . . . 1 . . . . . . . . Seal Access 1 | . . . . . . . . 1 . . . . . Unauthorized Hacks 17 | . 4 . . . 4 1 2 1 . . . . 5 Terminals 13 | . 2 . . . 4 1 2 1 . . . . 3 Assimilate 1 | . . . . . 1 . . . . . . . . Botnet 8 | . 1 . . . 2 . 2 1 . . . . 2 Operators 3 | . 1 . . . 1 . . . . . . . 1 Override 1 | . . . . . . 1 . . . . . . . Fabricators . | . . . . . . . . . . . . . . Repair Stations . | . . . . . . . . . . . . . . Recycling Units 4 | . 2 . . . . . . . . . . . 2 Reject 1 | . . . . . . . . . . . . . 1 Mask 1 | . . . . . . . . . . . . . 1 Tunnel 2 | . 2 . . . . . . . . . . . . Scanalyzers . | . . . . . . . . . . . . . . Garrison Access . | . . . . . . . . . . . . . . Data Cores Recovered . | . . . . . . . . . . . . . . Used . | . . . . . . . . . . . . . . Hacking Detections 39 | . 8 . . . 9 1 7 9 . . . . 5 Full Trace Events 12 | . 7 . . . 1 . 2 1 . . . . 1 Feedback Events 1 | . 1 . . . . . . . . . . . . Corruption 1 | . 1 . . . . . . . . . . . . Feedback Blocked . | . . . . . . . . . . . . . . Robot Schematics Acquired 7 | . 1 . . . . . . . . . 6 . . Robots Built 1 | . . . . . . . . 1 . . . . . Authchips . | . . . . . . . . . . . . . . Time 81 | . . . . . . . . 81 . . . . . Total Robot Build Rating 1 | . . . . . . . . 1 . . . . . Part Schematics Acquired 16 | . 1 . . . . . 5 . . . 9 . 1 Parts Built 1 | . . . . . . . . 1 . . . . . Authchips . | . . . . . . . . . . . . . . Time 84 | . . . . . . . . 84 . . . . . Total Part Build Rating 4 | . . . . . . . . 4 . . . . . Parts Repaired 3 | . . . . . 2 . 1 . . . . . . Time 89 | . . . . . 51 . 38 . . . . . . Parts Recycled . | . . . . . . . . . . . . . . Recycled Matter . | . . . . . . . . . . . . . . Retrieved Matter . | . . . . . . . . . . . . . . Retrieved Components 1 | . . . . . . . . 1 . . . . . Parts Scanalyzed 6 | . . . . . . . 5 . . . . . 1 Part Schematics Acquired 6 | . . . . . . . 5 . . . . . 1 Parts Damaged 1 | . . . . . . . 1 . . . . . . Bothacking | -11 -10 -10 -10 -9 -8 -8 -8 -7 -7 -7 -7 -6 -6 ------------ Run | Jun Mat Min Exi Min Mat Gar Mat Fac Low Low Dat Pro Fac Used RIF Installer . | . . . . . . . . . . . . . . Robots Hacked . | . . . . . . . . . . . . . . Non-combat . | . . . . . . . . . . . . . . Combat . | . . . . . . . . . . . . . . Robot Hacks Applied . | . . . . . . . . . . . . . . Relay Couplers Released . | . . . . . . . . . . . . . . Fabnet Peak Effective % . | . . . . . . . . . . . . . . Robots Rewired . | . . . . . . . . . . . . . . Allies Hacked . | . . . . . . . . . . . . . . Hacks Repelled . | . . . . . . . . . . . . . . Allies | -11 -10 -10 -10 -9 -8 -8 -8 -7 -7 -7 -7 -6 -6 -------- Run | Jun Mat Min Exi Min Mat Gar Mat Fac Low Low Dat Pro Fac Total Allies 9 | . . 3 . . 1 . . 4 . . . 1 . Largest Group 4 | . . 3 3 3 1 1 . 4 . . . 1 1 Highest-Rated Group 107 | . . 40 40 40 10 10 . 107 . . . 96 96 Highest-Rated Ally 96 | . . 16 16 16 10 10 . 31 . . . 96 96 Total Orders 6 | . . . . . . 4 . 2 . . . . . STAY 3 | . . . . . . 2 . 1 . . . . . FOLLOW 3 | . . . . . . 2 . 1 . . . . . Ally Attacks 80 | . . . . 17 . . . 53 . . . 7 3 Total Damage 1140 | . . . . 214 . . . 626 . . . 210 90 Kills 12 | . . . . 3 . . . 6 . . . 3 . Allies Corrupted 2 | . . . . . . . . 2 . . . . . Allies Melted . | . . . . . . . . . . . . . . Intel | -11 -10 -10 -10 -9 -8 -8 -8 -7 -7 -7 -7 -6 -6 ------- Run | Jun Mat Min Exi Min Mat Gar Mat Fac Low Low Dat Pro Fac Robot Analysis Total 6 | . 2 . . . 4 . . . . . . . . Derelict Logs Recovered 7 | . . . . 3 . . . . 2 1 . 1 . Drone Launches 3 | . . . . . . . . 3 . . . . . Drone Recoveries 1 | . . . . . . . . 1 . . . . . Exploration | -11 -10 -10 -10 -9 -8 -8 -8 -7 -7 -7 -7 -6 -6 ------------- Run | Jun Mat Min Exi Min Mat Gar Mat Fac Low Low Dat Pro Fac Turns Passed 22029 | 95 2136 1568 904 2242 2256 1204 3734 4438 1009 477 141 434 1391 Spaces Moved 8050 | 52 700 417 282 667 903 465 1366 1633 520 272 79 242 452 Core 24 | 24 . . . . . . . . . . . . . Treads 5743 | 28 700 417 282 667 720 465 1366 922 . . . . 176 Legs 2283 | . . . . . 183 . . 711 520 272 79 242 276 Wheels . | . . . . . . . . . . . . . . Hover . | . . . . . . . . . . . . . . Flight . | . . . . . . . . . . . . . . Fastest Speed 50 | 50 160 320 320 240 170 225 225 125 138 176 176 176 138 Average Speed 234 | 159 264 320 320 319 214 225 226 209 177 176 176 176 254 Slowest Speed 480 | 250 320 320 320 320 465 225 230 480 180 176 176 176 400 Overloaded Moves 34 | . . . . . . . . 23 4 . . . 7 Propulsion Burnouts . | . . . . . . . . . . . . . . Robots Hopped . | . . . . . . . . . . . . . . Cave-ins Triggered . | . . . . . . . . . . . . . . Exploration Rate (%) 61 | 5 95 82 70 97 57 71 86 34 74 55 70 45 13 Regions Visited 13 Branch Regions 7 Pre-discovered Areas 7 | . 2 . 1 1 . . . . 2 . 1 . . Known Exits Taken 3 | . . . . . 1 . 1 . 1 . . . . Unknown Exits Taken 9 | 1 1 1 1 1 . . . 1 . 1 1 1 . Scrap Searched 8 | . . 2 . 2 . . . . 2 . . 2 . Spaces Dug 37 | . . . . 8 2 . 1 11 . . . 15 . Terrain Destroyed 1312 | . 9 9 . 101 28 34 215 665 129 19 . 16 87 Melee . | . . . . . . . . . . . . . . Projectile 210 | . . . . 2 13 2 73 54 14 . . 2 50 AOE 1102 | . 9 9 . 99 15 32 142 611 115 19 . 14 37 Terrain Rammed . | . . . . . . . . . . . . . . Walls Destroyed . | . . . . . . . . . . . . . . Machines Disabled . | . . . . . . . . . . . . . . Actions | -11 -10 -10 -10 -9 -8 -8 -8 -7 -7 -7 -7 -6 -6 --------- Run | Jun Mat Min Exi Min Mat Gar Mat Fac Low Low Dat Pro Fac Total 9939 | 61 825 626 286 730 1120 539 1719 2306 559 271 82 246 569 Wait 829 | 1 13 185 . 12 89 2 160 351 . . . . 16 Move 8036 | 51 699 416 281 666 902 463 1365 1632 519 271 78 241 452 Hop . | . . . . . . . . . . . . . . Pick Up 87 | 2 14 3 3 7 14 6 9 22 2 . . . 5 Fast Attach 43 | 6 6 . . 1 4 1 1 8 3 . . 2 11 Attach 62 | . 2 . . 6 4 8 9 19 3 . 2 . 9 Detach 20 | . 3 . 2 1 2 . . 7 . . 2 . 3 Swap 128 | . 1 9 . 7 21 5 16 59 2 . . . 8 Drop 52 | . 3 . . 3 23 1 3 17 . . . . 2 Fire 655 | . 79 11 . 20 61 52 147 189 30 . . 3 63 Melee . | . . . . . . . . . . . . . . Ram . | . . . . . . . . . . . . . . Kick 1 | . . . . . . . . 1 . . . . . Crush 25 | 1 5 2 . 7 . . 9 1 . . . . . Escape Stasis 1 | . . . . . . 1 . . . . . . . Rewire . | . . . . . . . . . . . . . . Trap . | . . . . . . . . . . . . . . Miscellaneous . | . . . . . . . . . . . . . . Route ------- -11/Junkyard -10/Materials (discovered 5 exits: [*Mat x3] / *Min x2) -10/Mines (discovered 2 exits: [*Mat] / *Exi) -10/Exiles (discovered 2 exits: [*Min x2]) -9/Mines (discovered 2 exits: *Mat x2) -8/Materials (discovered 3 exits: *Fac x2 / Gar) -8/Garrison (discovered 3 exits: *Mat x3) -8/Materials (discovered 3 exits: *Fac x3) -7/Factory (discovered 4 exits: *Fac x2 / [*Sto] / *Low) -7/Lower Caves -7/Lower Caves -7/Data Miner -6/Proximity Caves -6/Factory History --------- Turn | Location | Event 20 | -11/Junkyard | Discovered new exit (range 15) 96 | -11/Junkyard | Entered Materials 310 | -10/Materials | Build established: Mutant 328 | -10/Materials | Discovered new exit (range 4) 622 | -10/Materials | Discovered new exit (range 15) 679 | -10/Materials | Discovered new exit (range 15) 1026 | -10/Materials | Discovered new exit (range 16) 2031 | -10/Materials | Discovered new exit (range 5) 2232 | -10/Materials | Entered Mines 2239 | -10/Mines | Received a Rocket Launcher from a helpful Derelict 2323 | -10/Mines | Met a Derelict bent on vengeance 2383 | -10/Mines | Assembled infested the area 2716 | -10/Mines | A weapon hastily lodged in a ceiling crevice suddenly fell to the ground 2880 | -10/Mines | Found the Drone Emporium 2895 | -10/Mines | Found Prototype Device 2896 | -10/Mines | Identified Thief Drone Bay 3251 | -10/Mines | Assisted by bots powering up and referring to "LRC-V3" 3611 | -10/Mines | Discovered new exit (range 3) 3787 | -10/Mines | Deemed a non-threat by the Exiles lab entrance 3787 | -10/Mines | Discovered new exit (range 5) 3800 | -10/Mines | Entered Exiles 3800 | -10/Exiles | Accompanied by 3 allies 3842 | -10/Exiles | Discovered new exit (range 15) 3881 | -10/Exiles | Met 8R-AWN 3936 | -10/Exiles | Met EX-HEX 4032 | -10/Exiles | Met EX-BIN 4077 | -10/Exiles | Aligned with FarCom system 4080 | -10/Exiles | Given EX-Vault access code 4153 | -10/Exiles | Opened EX-Vault 4182 | -10/Exiles | Found Potential Leg 4186 | -10/Exiles | Found Potential Leg 4248 | -10/Exiles | Warned to stay clear of 0b10 Research branches 4344 | -10/Exiles | Met EX-DEC 4363 | -10/Exiles | Learned location of Zion (-6) 4665 | -10/Exiles | Discovered new exit (range 14) 4704 | -10/Exiles | Left Exiles lab with Potential Leg 4704 | -10/Exiles | Entered Mines 4704 | -9/Mines | Accompanied by 3 allies 5392 | -9/Mines | Core integrity fell below 50% 5496 | -9/Mines | Learned Materials terminal intel 5743 | -9/Mines | Discovered new exit (range 8) 5920 | -9/Mines | Joined a pair of Derelicts in attacking an 0b10 outpost 6111 | -9/Mines | Discovered new exit (range 8) 6290 | -9/Mines | Build established: Scavenger-Mutant 6946 | -9/Mines | Entered Materials 6946 | -8/Materials | Evolved 4 slots: Propulsion x2, Utility x2 6947 | -8/Materials | Identified exit to Factory 6948 | -8/Materials | Loaded intel: 12 terminal locations 7677 | -8/Materials | Build established: Mutant 8441 | -8/Materials | Discovered exit to Factory (range 3) 8645 | -8/Materials | Repaired Imp. Light Armor Plating 8831 | -8/Materials | Repaired Hrd. Light Armor Plating 9173 | -8/Materials | Identified exit to Garrison 9202 | -8/Materials | Entered Garrison 9202 | -8/Garrison | Accompanied by 1 ally 9378 | -8/Garrison | Triggered checkpoint 9384 | -8/Garrison | Triggered checkpoint 9470 | -8/Garrison | Triggered checkpoint 9505 | -8/Garrison | Destroyed 7 combat bots 9510 | -8/Garrison | Triggered checkpoint 9772 | -8/Garrison | Triggered checkpoint 9883 | -8/Garrison | Discovered new exit (range 9) 10040 | -8/Garrison | Triggered checkpoint 10181 | -8/Garrison | Lost 6 parts (3n2u1w) 10370 | -8/Garrison | Discovered new exit (range 10) 10392 | -8/Garrison | Identified exit to Materials 10406 | -8/Garrison | Entered Materials 10661 | -8/Materials | Garrison activated, responded to threat 10831 | -8/Materials | Destroyed 7 combat bots 10973 | -8/Materials | Core integrity fell below 50% 11345 | -8/Materials | Repaired Adv. Treads 11479 | -8/Materials | Discovered exit to Factory (range 16) 12051 | -8/Materials | Discovered exit to Factory (range 6) 12806 | -8/Materials | First assault squad dispatched 12919 | -8/Materials | Destroyed 12 combat bots 12920 | -8/Materials | Lost 3 parts (1n1u1w) 13339 | -8/Materials | Discovered exit to Factory (range 11) 13481 | -8/Materials | Sterilization system engaged 13481 | -8/Materials | Non-combat units ordered to evacuate 13486 | -8/Materials | Core integrity fell below 20% 13581 | -8/Materials | Combat units ordered to evacuate 13781 | -8/Materials | Ambient heat levels rising (+10) 13931 | -8/Materials | Ambient heat levels rising (+10) 14081 | -8/Materials | Ambient heat levels rising (+10) 14140 | -8/Materials | Entered Factory 14140 | -7/Factory | Evolved 2 slots: Utility x2 14540 | -7/Factory | First assault squad dispatched 15124 | -7/Factory | Lost 4 parts (2n2u) 16042 | -7/Factory | Discovered new exit (range 6) 16250 | -7/Factory | Build established: Infiltrator-Mutant 16408 | -7/Factory | Discovered new exit (range 9) 16422 | -7/Factory | Fabricated Proton Missile Launcher? 16543 | -7/Factory | Fabricated M-13 Machinist (x1) 16601 | -7/Factory | Lost 3 parts (1p1n1u) 16659 | -7/Factory | Discovered new exit (range 16) 16852 | -7/Factory | Allied Derelicts emerged from ambush trap array 17208 | -7/Factory | Discovered new exit (range 15) 17720 | -7/Factory | Build established: Mutant 17765 | -7/Factory | Garrison activated, responded to threat 17974 | -7/Factory | Core integrity fell below 50% 17994 | -7/Factory | High security lockdown imminent 18027 | -7/Factory | Destroyed 8 combat bots 18074 | -7/Factory | High security lockdown engaged 18186 | -7/Factory | Destroyed 9 combat bots 18303 | -7/Factory | Destroyed 17 combat bots 18460 | -7/Factory | Destroyed 25 combat bots 18547 | -7/Factory | Sterilization system engaged 18547 | -7/Factory | Non-combat units ordered to evacuate 18548 | -7/Factory | Lost 3 parts (1p1u1w) 18578 | -7/Factory | Entered Lower Caves 18605 | -7/Lower Caves | Met a Warlord Commander 18606 | -7/Lower Caves | Learned location of Warlord (-5) 18611 | -7/Lower Caves | Found Encrypted Comm Array 18687 | -7/Lower Caves | Attracted the attention of an 0b10 checkpoint 18732 | -7/Lower Caves | Identified exit to Lower Caves 18824 | -7/Lower Caves | Learned Factory stockpile data 18856 | -7/Lower Caves | Core integrity fell below 20% 19018 | -7/Lower Caves | Lost 3 parts (1p1n1u) 19121 | -7/Lower Caves | Learned location of Extension (-5) 19121 | -7/Lower Caves | Learned location of 1 exit from Research 19121 | -7/Lower Caves | Learned Extension terminal intel 19587 | -7/Lower Caves | Entered another Lower Caves area 19876 | -7/Lower Caves | Learned Factory garrison access intel 20052 | -7/Lower Caves | Discovered new exit (range 8) 20064 | -7/Lower Caves | Entered Data Miner 20065 | -7/Data Miner | Discovered new exit (range 6) 20099 | -7/Data Miner | Met Data Miner 20136 | -7/Data Miner | Learned location of Section 7 (-2) 20136 | -7/Data Miner | Acquired the access code to Warlord's prototype stash 20164 | -7/Data Miner | Received God Mode back door access code from Data Miner 20205 | -7/Data Miner | Entered Proximity Caves 20383 | -6/Proximity Caves | Escorted by Enhanced Grunt 20616 | -6/Proximity Caves | Discovered new exit (range 13) 20639 | -6/Proximity Caves | Entered Factory 20639 | -6/Factory | Accompanied by 1 ally 20639 | -6/Factory | Evolved 2 slots: Power x1, Utility x1 20641 | -6/Factory | Loaded intel: 4 garrison access locations 20937 | -6/Factory | Lost 6 parts (1p2n2u1w) 20954 | -6/Factory | Found Prototype Device 20954 | -6/Factory | Identified Exp. Thermal Shield 21231 | -6/Factory | Build established: Scavenger-Mutant 21324 | -6/Factory | Found Prototype Processor 21498 | -6/Factory | Lost 3 parts (2n1u) 22010 | -6/Factory | Cargo convoy interrupted 22022 | -6/Factory | Core integrity fell below 50% 22026 | -6/Factory | Incoming assault squad redirected 22028 | -6/Factory | Core integrity fell below 20% 22030 | -6/Factory | Destroyed by H-66 Slayer with Gauss Rifle Last Messages --------------- 22026_ ALERT: Higher priority target reported, redirecting assault. 22026_ Prc. Assault Rifle destroyed. 22026_ K-01 Serf collects debris. 22026_ U-05 Engineer lays Concrete. 22026_ Hacking Suite destroyed. 22027_ U-05 Engineer lays Concrete. 22027_ Penetrated by Slug. 22027_ K-01 Serf collects debris. 22027_ X-62 Marksman destroyed. 22028_ U-05 Engineer lays Concrete. 22028_ Penetrated by Slug. 22028_ R-10 Processor collects Pulse Rifle. 22029_ Door malfunctions. 22029_ U-05 Engineer lays Concrete. 22029_ U-05 Engineer builds a Wall. 22029_ Penetrated by Slug. 22029_ Exp. Thermal Shield destroyed. 22029_ P-60 Hacker destroyed. 22030_ System corrupted: Component data lost. 22030_ U-05 Engineer lays Concrete. Map ----- +----------------------------------------------------+ | ?????????????????????????????????????????????????? | | ?????????????????????????????????????????????????? | | ?????????????????????????????????????????????????? | | ???????????????????o?????????????????????????????? | | ?????????????????????????????????????????????????? | | ?????????????????????????????????????????????????? | | ?????????????????????????????????????????????????? | | ?????????????????????????????????????????????????? | | ?????????????????????????????????????????????????? | | ?????????????????????????????????????????????????? | | ?????????????????????????????????????????????????? | | ?????????????????????????????????????????????????? | | ?????????????????????????????? ????????????????? | | ????????????????????????????? ??????????????? | | ????????????????????????????? ????????????? | | ????????????????????????????? ##??????????? | | ???????????????????????????# ##??????????? | | ###########????????????##### ##??????????? | | ###########????????????##### ##??????????? | | ################ k ##??????????? | | #####;;;;;###### # # ###### # ?? | | """ """ # ### k u #######+#### ?? | | """ """ # ### ## k" ?? | | """ """ # /! %hm%xhu R% ??? | | # ; i h k ^ ???? | | # m ; @ pR [ ############### | | # A ; [%! h ####### ######## | | "T"" + ;## *= # % # = # | | """" # ##### ### %+ # | | # ##### ### # """ # | | # ? ##?##+### % # """" *! # | | #### # ? ##? # # """"" / # | | # # ##????? # # # | | # ####;;#########????? # # """T""" # | | + ###############?? # #############+# | | # ###??????????######### ############# # | | # ###??????????# # # | | # T##??????????# # # | | # ###########?# + % + | | # ############?# # ######## ## | | # # ##?# # ######## ## | | #### + ##?# ### ##????## ## | | #### # ##?##########^ ^ ^##????## ## | | ??## # ##?????????## ^ ##????## ## | | ??## # ] #######????## ########????## | | ??## # """ #######????## ################# | | ??## # """"" / ##???### ###??# ##### | | ??## # """"" #### ##???# #??# #???? | | ??## ############## ###### #??# """ #???? | | ??## ##############+###### #??# """ #???? | +----------------------------------------------------+ Best States ------------- Heat Dissipation 80 Energy Generation 33 Energy Capacity 525 Matter Stores 300 Matter Capacity 300 Sight Range 16 Terrain Scan Density 10 Jamming Range 12 Armor Coverage 825 Resistance: KI 25 Resistance: TH 30 Resistance: EM 15 Propulsion Shielding 66 Utility Shielding 33 Weapon Shielding 33 Evasion (%) 40 Targeting Accuracy 8 Core Analysis 6 Recoil Reduction 4 Kinecelleration 30 Offensive Hacking 10 Item Schematics ----------------- Cargo Storage Unit | -10/Materials | Hacked Adv. Shield Generator | -8/Materials | Scanalyzed Enh. Gauss Cannon | -8/Materials | Scanalyzed Rocket Launcher | -8/Materials | Scanalyzed Mni. Grenade Launcher | -8/Materials | Scanalyzed Imp. Propulsion Shielding | -8/Materials | Scanalyzed Combat Drone Bay | -7/Data Miner | Free Lgt. Regenerative Plating | -7/Data Miner | Free Cld. Aerolev Unit | -7/Data Miner | Free Exp. Utility Shielding | -7/Data Miner | Free Cld. Plasma Cannon | -7/Data Miner | Free Arm. Medium Treads | -7/Data Miner | Free Remote Force Field | -7/Data Miner | Free Imp. Shock Absorption System | -7/Data Miner | Free Myomer Leg | -7/Data Miner | Free Lrn. Tractor Beam | -6/Factory | Scanalyzed Robot Schematics ------------------ M-13 Machinist | -10/Materials | Hacked R-10 Processor | -7/Data Miner | Free S-27 Virus | -7/Data Miner | Free Y-54 Guardian | -7/Data Miner | Free M-22 Extractor | -7/Data Miner | Free A-15 Conveyor | -7/Data Miner | Free H-66 Slayer | -7/Data Miner | Free Fabricated ------------ Proton Missile Launcher | x1 | -7/Factory | Preloaded M-13 Machinist | x1 | -7/Factory Alien Tech Used ----------------- None Achievements -------------- None Challenges ------------ None Game ------ Seed ReinforcedGaussMatter Manual? 0 Play Time 01:28:32 Cumulative 226.9 hours Start 2024.02.21 @ 16:46:01 End 2024.02.22 @ 07:56:51 Sessions 3 Manual Loads 0 Difficulty Rogue Special Mode None Game No. 168 Rogue 168 Adventurer 0 Explorer 0 Win Type - Total 8 Types 5/0/1/1/0/0/0/1/0 Lore% 69 Gallery% 76 Achievement% 66 Wizard Run 0 Options --------- ASCII 0 Keyboard 1 Movement Numpad Keybinds 0 Fullscreen 2 Font 18/SmallcapsGlow Map View 76x50 Tactical HUD 1 Map Filters NONE Filters NONE Steam 1 RUN: bf7c6672-53c2-4ea1-88d4-ccbe723a40f2